 Dungeon Crawl Stone Soup version 0.24.0-35-gdb84b6a5db (webtiles) character file.

Game seed: 3010505335834286888, levelgen mode: deterministic

137 Katsumi the Changer (level 5, -1/22 HPs)
             Began as a Felid Transmuter on Nov 19, 2019.
             Slain by a rat (3 damage)
             ... on level 3 of the Dungeon.
             The game lasted 00:04:39 (3178 turns).

Katsumi the Changer (Felid Transmuter)              Turns: 3178, Time: 00:04:40

Health: -1/22      AC:  2    Str:  6    XL:     5   Next: 0%
Magic:  9/9        EV: 18    Int: 17    God:
Gold:   81         SH:  0    Dex: 16    Spells: 0/8 levels left
                                        Lives:  0   Deaths: 1

rFire    . . .     SeeInvis +     - Unarmed
rCold    . . .     Gourm    .   (shield unavailable)
rNeg     . . .     Faith    .   (armour unavailable)
rPois    .         Spirit   .   (helmet unavailable)
rElec    .         Reflect  .   (cloak unavailable)
rCorr    .         Harm     .   (gloves unavailable)
MR       .....                  (boots unavailable)
Stlth    ++........             (no amulet)
HPRegen  0.07/turn              (no ring)
MPRegen  0.11/turn              (no ring)

@: quick
A: very small, no armour, no weapons or thrown items, stealth, claws 1, fangs 3,
see invisible, carnivore, speed 1, shaggy fur 2, slow metabolism 1, sharp paws
a: no special abilities


You were on level 3 of the Dungeon.
You were not hungry.

You visited 1 branch of the dungeon, and saw 3 of its levels.

You collected 81 gold pieces.

Inventory:

Missiles
 a - 58 arrows
Scrolls
 d - a scroll of noise
 e - 2 scrolls of fear
 f - a scroll of remove curse
 i - a scroll of immolation {unknown}
Potions
 b - a potion of haste
 g - a potion of curing {unknown}
Comestibles
 c - 4 rations


   Skills:
 - Level 1.0 Fighting
 - Level 2.6 Dodging
 - Level 3.0 Unarmed Combat
 - Level 2.0 Spellcasting
 + Level 7.0 Transmutations


You couldn't memorise any spells.
You knew the following spells:

 Your Spells              Type           Power        Failure   Level  Hunger
a - Beastly Appendage     Tmut           ####..       1%          1    #......
b - Sticks to Snakes      Tmut           ####....     1%          2    ###....
c - Blade Hands           Tmut           ####......   30%         5    ######.

Your spell library contained the following spells:

 Spells                   Type           Power        Failure   Level  Hunger
 Spider Form              Tmut/Pois      ##........   14%         3    ###....
 Ice Form                 Ice/Tmut       ##......     41%         4    #####..


Dungeon Overview and Level Annotations

Branches:
Dungeon (3/15)

Altars:
Okawaru
Qazlal
Vehumet

Portals:
Sewer: D:3


Innate Abilities, Weirdness & Mutations

You cannot wear armour.
You are incapable of wielding weapons or throwing items.
Your paws allow you to move quietly. (Stealth)
You have sharp claws.
You have razor-sharp teeth.
You have supernaturally acute eyesight. (SInv)
You are carnivorous and can eat meat at any time.
You cover ground quickly.
You are covered in thick fur. (AC +2)
You have a slow metabolism.
Your sharp claws are effective at attacking unaware monsters.


Message History

The rat closely misses you. The rat bites you.
* * * LOW HITPOINT WARNING * * *
The rat misses you. The rat misses you. The rat misses you.
The rat completely misses you. The rat closely misses you.
The rat closely misses you. The rat closely misses you.
The rat completely misses you. The rat misses you. The rat misses you.
The rat misses you. The rat misses you.
Unknown command.
The rat bites you.
* * * LOW HITPOINT WARNING * * *
The rat bites you.
You die...

###.................#
#..............###.#
#................#.#
#.........#<..##.#.#
##.##.#.......# #.#
#. #.#......###.#.# #
#.#.....)....#.#
#.#....#r#####.#
#.#.#....@.....#
#...#....####### .
#.###......# .. #.#
#....#.# ...#####รท#
#....#.#
.....##.###...## #
#..g...#......
#......#.....##
#......#...."..


You could see a rat.

Vanquished Creatures
  Sigmund (D:3)
  3 adders
  3 river rats (D:3)
  An ooze (D:1)
  2 worms (D:2)
  4 dart slugs
  2 leopard geckos
  2 orcs (D:3)
  4 giant cockroaches
  7 goblins
  4 hobgoblins
  2 jackals (D:2)
  3 quokkas
  3 ball pythons (D:2)
  6 bats
  5 frilled lizards
  2 kobolds
  7 rats
61 creatures vanquished.

Notes
Turn   | Place    | Note
-------+----------+-------------------------------------------
     0 | D:1      | Katsumi the Felid Transmuter began the quest for the Orb.
     0 | D:1      | Reached XP level 1. HP: 9/9 MP: 4/4
   477 | D:1      | Reached skill level 3 in Transmutations
   477 | D:1      | Reached XP level 2. HP: 11/12 MP: 4/6
   481 | D:1      | Learned a level 2 spell: Sticks to Snakes
  1010 | D:2      | Reached XP level 3. HP: 15/15 MP: 5/7
  1013 | D:2      | Found a radiant altar of Vehumet.
  1507 | D:2      | Reached skill level 4 in Transmutations
  1757 | D:2      | Found a stormy altar of Qazlal.
  1759 | D:2      | Noticed a fire elemental
  1762 | D:2      | Noticed an earth elemental
  2040 | D:2      | Found an iron altar of Okawaru.
  2328 | D:2      | Noticed a water elemental
  2347 | D:2      | Noticed an air elemental
  2442 | D:3      | Reached XP level 4. HP: 14/19 MP: 6/8
  2540 | D:3      | Reached skill level 5 in Transmutations
  2565 | D:3      | Noticed Sigmund
  2575 | D:3      | Noticed a bullfrog
  2605 | D:3      | Killed Sigmund
  2605 | D:3      | Reached skill level 6 in Transmutations
  2605 | D:3      | Reached XP level 5. HP: 13/22 MP: 4/9
  2635 | D:2      | Learned a level 5 spell: Blade Hands
  3028 | D:3      | Reached skill level 7 in Transmutations
  3028 | D:3      | Gained mutation: You are covered in thick fur. (AC +2)
                  | [Felid growth]
  3028 | D:3      | Reached XP level 6. HP: 9/25 MP: 3/10
  3041 | D:3      | Found a glowing drain.
  3046 | D:3      | Slain by a river rat
  3047 | D:3      | Reached XP level 5. HP: -2/22 MP: 0/9
  3177 | D:3      | HP: 1/22 [rat (1)]
  3178 | D:3      | Slain by a rat

Levels and vault maps discovered:
D:1:      dpeg_arrival_arbitrary_c, layout_basic, minmay_misc_feat_rugged
D:2:      minmay_wonky_spiral, layout_basic, okawaru_metal_pillars_3,
          overflow_temple_1_default, chequers_serial_rivers_marsh,
          nicolae_qazlal_style_of_elements
D:3:      minmay_general_purpose_star, layout_basic,
          gammafunk_ghost_gnarly_gnolls, portal_sewer_entry_e, uniq_sigmund

Skill      XL: |  1  2  3  4  5 |
---------------+----------------+-----
Transmutations | 3 4 6 7 |  7.0
Fighting       | |  1.0
Dodging        | |  2.6
Unarmed Combat | |  3.0
Spellcasting   | |  2.0

Action                   |  1- 3 |  4- 6 || total
-------------------------+-------+-------++-------
Melee: Unarmed           |   118 |    82 ||   200
       Headbutt          |    17 |     6 ||    23
       Bite              |    11 |     5 ||    16
       Punch             |     1 |       ||     1
 Cast: Beastly Appendage |    37 |     7 ||    44
       Sticks to Snakes  |     2 |     2 ||     4
       Blade Hands       |       |     3 ||     3
  Use: Scroll            |     3 |     1 ||     4
       Potion            |       |     4 ||     4
 Stab: Sleeping          |     2 |     2 ||     4
  Eat: Chunk             |    11 |     2 ||    13
Armor: Skin              |     9 |     3 ||    12
Dodge: Dodged            |   112 |   170 ||   282
